 Dungeon Crawl Stone Soup version 0.29.1-12-g30fa7ad0bf (webtiles) character file.

Game seed: 17900504547877940047

555 wormed the Ruffian (level 7, 0/66 HPs)
             Began as a Troll Gladiator on Dec 23, 2022.
             Slain by a water moccasin (6 damage)
             ... on level 5 of the Dungeon.
             The game lasted 00:06:27 (3080 turns).

wormed the Ruffian (Troll Gladiator)                Turns: 3080, Time: 00:06:27

Health: 0/66       AC:  4    Str: 25    XL:     7   Next: 8%
Magic:  6/6        EV: 10    Int:  4    God:
Gold:   168        SH:  0    Dex: 11    Spells: 6/6 levels left

rFire   . . .      SeeInvis .     - Unarmed
rCold   . . .      Faith    .   (no shield)
rNeg    . . .      Spirit   .   a - +0 robe
rPois   .          Reflect  .   b - +0 hat
rElec   .          Harm     .   (no cloak)
rCorr   .          Rampage  .   (gloves unavailable)
Will    .....                   (boots unavailable)
Stlth   +.........              (no amulet)
HPRegen 1.01/turn               (no ring)
MPRegen 0.10/turn               (no ring)

@: confused, brilliant, ambrosia-drunk, marked, attractive
A: large, unfitting armour, claws 3, regeneration 1, shaggy fur 1, tough skin 1
a: no special abilities


You were on level 5 of the Dungeon.
You visited 1 branch of the dungeon, and saw 5 of its levels.

You collected 168 gold pieces.

Inventory:

Missiles
 c - 3 throwing nets
 d - 10 large rocks (quivered)
Armour
 a - a +0 robe (worn)
 b - a +0 hat (worn)
Jewellery
 s - an amulet of faith
Wands
 o - a wand of flame (4)
 t - a wand of charming (13)
Scrolls
 h - a scroll of vulnerability {unknown}
 i - 3 scrolls of identify {unknown}
 j - a scroll of enchant weapon {unknown}
 l - 2 scrolls of blinking {unknown}
 m - a scroll of fear {unknown}
 p - 2 scrolls of teleportation {unknown}
 q - a scroll of brand weapon {unknown}
 u - a scroll of torment {unknown}
Potions
 e - 2 potions of ambrosia
 f - a potion of attraction
 g - 2 potions of curing
 r - a potion of flight {unknown}


   Skills:
 + Level 2.9 Fighting
 + Level 3.1 Throwing
 + Level 2.2 Armour
 + Level 3.4 Dodging
 * Level 5.3 Unarmed Combat


You had 6 spell levels left.
You didn't know any spells.
Your spell library contained the following spells:

 Spells                   Type           Power      Damage    Failure   Level
 Sting                    Tmut/Pois      0%         1d3       50%         1
 Poisonous Vapours        Pois/Air       0%         N/A       65%         2
 Olgreb's Toxic Radiance  Pois           0%         N/A       99%         4


Dungeon Overview and Level Annotations

Branches:
Dungeon (5/15)
 Temple: D:4-7

Altars:
Hepliaklqana
Zin

Shops:
D:3 =   D:4 *

Annotations:
D:5 Ijyb


Innate Abilities, Weirdness & Mutations

You are too large for most types of armour.
You have claws for hands.
Your natural rate of healing is unusually fast.
You are covered in fur. (AC +1)
You have tough skin. (AC +1)


Message History

The grasping roots grab you!
Ijyb is unaffected.
The grasping roots constrict you.
* * * LOW HITPOINT WARNING * * *
You feel better. The water moccasin bites you.
* * * LOW HITPOINT WARNING * * *
The orc hits you with a +0 hand axe.
* * * LOW HITPOINT WARNING * * *
The grasping roots constrict you.
* * * LOW HITPOINT WARNING * * *
The orc hits you with a +0 whip.
* * * LOW HITPOINT WARNING * * *
The orc hits you with a +0 short sword.
* * * LOW HITPOINT WARNING * * *
The water moccasin barely misses you.
It was a potion of ambrosia.
You are confused.
You feel invigorated. The water moccasin closely misses you.
The orc hits you but does no damage. The orc hits you with a +0 hand axe.
* * * LOW HITPOINT WARNING * * *
The orc hits you but does no damage. The grasping roots constrict you.
* * * LOW HITPOINT WARNING * * *
The grasping roots release their grip on you.
It was a potion of attraction.
You feel attractive to monsters. The water moccasin closely misses you.
The orc barely misses you. The orc closely misses you.
The orc barely misses you. The water moccasin closely misses you.
It was a potion of magic.
Magic courses through your body. The water moccasin bites you!
* * * LOW HITPOINT WARNING * * *
The orc hits you with a +0 hand axe.
* * * LOW HITPOINT WARNING * * *
The orc hits you with a +0 whip.
* * * LOW HITPOINT WARNING * * *
The orc hits you with a +0 short sword.
* * * LOW HITPOINT WARNING * * *
It was a potion of brilliance.
You feel clever all of a sudden. The water moccasin bites you.
You die...

#..####..##. ##.
#..##. #.. #..#..
#.. ..####..#.#
#..# #........#.#
#... #.####.....#
#.##..o #......
......S#####
#....). #..no@ogo#
#....## #.#.o###.#
#...... #..
#.#######...###
#..###...>.......#
.........########.#
##..##..#.........#
#.............##..#
#..##..#.##......#
#. #..#.##..##.##


You could see a water moccasin, a necrophage, Ijyb and 5 orcs.

Vanquished Creatures
  A black bear (D:5)
  An ogre (D:5)
  The ghost of wormed the Cudgeller, a weakling MiGl (D:3)
  2 hounds (D:5)
  Jessica (D:2)
  2 iguanas
  3 orc wizards
  4 adders
  A worm (D:3)
  3 dart slugs
  13 orcs
  6 bats
  6 endoplasms
  3 giant cockroaches
  9 goblins
  5 hobgoblins
  A quokka (D:1)
  9 ball pythons
  3 frilled lizards (D:1)
  2 kobolds
  3 rats
79 creatures vanquished.

Vanquished Creatures (others)
  A plant (D:1)
1 creature vanquished.

Grand Total: 80 creatures vanquished

Notes
Turn   | Place    | Note
-------+----------+-------------------------------------------
     0 | D:1      | wormed the Troll Gladiator began the quest for the Orb.
     0 | D:1      | Reached XP level 1. HP: 19/19 MP: 0/0
    21 | D:1      | Found a faded altar of an unknown god.
   182 | D:1      | Reached XP level 2. HP: 28/28 MP: 1/1
   900 | D:2      | Reached XP level 3. HP: 35/35 MP: 2/2
  1041 | D:2      | Noticed Jessica
  1101 | D:2      | Killed Jessica
  1391 | D:3      | Reached skill level 1 in Armour
  1428 | D:3      | Found a runed translucent gate.
  1428 | D:3      | Found a runed translucent gate.
  1428 | D:3      | Noticed wormed's ghost (weakling MiGl)
  1429 | D:3      | Found a runed translucent gate.
  1455 | D:3      | Killed wormed's ghost
  1456 | D:3      | Reached skill level 4 in Unarmed Combat
  1456 | D:3      | Reached XP level 4. HP: 42/42 MP: 3/3
  1621 | D:3      | Reached XP level 5. HP: 47/49 MP: 4/4
  1880 | D:3      | Found Nyvvoit's Jewellery Boutique.
  2206 | D:4      | Found a hazy altar of Hepliaklqana.
  2361 | D:4      | Found a glowing silver altar of Zin.
  2663 | D:4      | Found Mafan's Assorted Antiques.
  2810 | D:5      | Entered Level 5 of the Dungeon
  2816 | D:5      | Noticed a black bear
  2832 | D:5      | Killed a black bear
  2833 | D:5      | Reached XP level 6. HP: 41/59 MP: 5/5
  2872 | D:5      | Reached skill level 5 in Unarmed Combat
  3062 | D:5      | Reached XP level 7. HP: 59/66 MP: 6/6
  3069 | D:5      | Noticed Ijyb
  3076 | D:5      | HP: 3/66 [orc/+0 short sword (2)]
  3077 | D:5      | HP: 1/66 [constriction (5)]
  3080 | D:5      | Slain by a water moccasin

Illustrated notes

Levels and vault maps discovered:
D:1:      scummos_arrival_hexagon, layout_basic,
          shapermc_ecumenical_altar_starsandcircs, minmay_crystal_room,
          amcnicky_mini_rare_corridor_liquid, minivault_25,
          kennysheep_crisscross, serial_bayou_pond_a
D:2:      layout_basic, serial_bayou_pond_c, uniq_jessica
D:3:      layout_basic, serial_shops, nicolae_shop_behind_doors,
          ebering_ghost_rock_garden, nicolae_eternal_life,
          chequers_serial_rivers_room_a
D:4:      layout_basic, marbit_many_paths, mainiacjoe_overflow_catwalk,
          serial_shops, nicolae_shop_crystal
D:5:      layout_basic, uniq_ijyb

Skill      XL: |  1  2  3  4  5  6 |
---------------+-------------------+-----
Throwing       | 2 3 |  3.1
Fighting       | 2 |  2.9
Armour         | 1 2 |  2.2
Unarmed Combat | 4 5 |  5.3
Dodging        | 3 |  3.4

Action                   |  1- 3 |  4- 6 |  7- 9 || total
-------------------------+-------+-------+-------++-------
Melee: Unarmed           |    72 |   111 |     9 ||   192
       Punch             |       |     3 |       ||     3
  Use: Potion            |       |       |     7 ||     7
 Stab: Sleeping          |     1 |       |       ||     1
Armor: Robe              |    27 |    28 |    10 ||    65
Dodge: Dodged            |    37 |    34 |    15 ||    86
